% Time on Ice - PORTLAND PIRATES
Lines # - Real PCT - Wanted PCT - Time Play
Normal Forward
1 - 38% - 40% - 35:14
2 - 33% - 35% - 30:35
3 - 17% - 20% - 16:13
4 - 12% - 5% - 11:17
Normal Defense
1 - 37% - 36% - 34:42
2 - 36% - 36% - 33:57
3 - 25% - 23% - 22:56
4 - 2% - 5% - 1:44
PP Forward
1 - 57% - 60% - 6:48
2 - 43% - 40% - 5:06
PP Defense
1 - 53% - 60% - 6:16
2 - 47% - 40% - 5:38
PK Forward
1 - 73% - 60% - 4:19
2 - 27% - 40% - 1:38
PK Defense
1 - 44% - 60% - 2:38
2 - 56% - 40% - 3:19
PK3 Forward
1 - 0% - 60%
2 - 0% - 40%
PK3 Defense
1 - 0% - 60%
2 - 0% - 40%
44 Forward
1 - 0% - 60%
2 - 0% - 40%
44 Defense
1 - 0% - 60%
2 - 0% - 40%
Last Minute Offensive  - 0:00
Last Minute Defensive  - 0:00
Total
Forward - 111:10
Defense - 111:10
% Time on Ice - SPOKANE KNIGHTS
Lines # - Real PCT - Wanted PCT - Time Play
Normal Forward
1 - 37% - 35% - 34:26
2 - 36% - 35% - 33:11
3 - 14% - 15% - 12:50
4 - 14% - 15% - 12:52
Normal Defense
1 - 40% - 40% - 37:44
2 - 30% - 30% - 27:46
3 - 24% - 20% - 22:14
4 - 6% - 10% - 5:35
PP Forward
1 - 50% - 60% - 3:00
2 - 50% - 40% - 2:57
PP Defense
1 - 53% - 60% - 3:09
2 - 47% - 40% - 2:48
PK Forward
1 - 66% - 60% - 7:50
2 - 34% - 40% - 4:04
PK Defense
1 - 58% - 60% - 6:55
2 - 42% - 40% - 4:59
PK3 Forward
1 - 0% - 60%
2 - 0% - 40%
PK3 Defense
1 - 0% - 60%
2 - 0% - 40%
44 Forward
1 - 0% - 50%
2 - 0% - 50%
44 Defense
1 - 0% - 60%
2 - 0% - 40%
Last Minute Offensive  - 0:00
Last Minute Defensive  - 0:00
Total
Forward - 111:10
Defense - 111:10
Play-by-Play 1st period 0:01 of 1st period - Jonathan Toews wins face-off versus Patrice Bergeron in neutral zone. 0:28 of 1st period - Shot by Gabriel Landeskog. 0:28 of 1st period - Shot Misses the Net. 0:30 of 1st period - Shot by Gabriel Landeskog. 0:30 of 1st period - Stopped by Frederik Andersen without a rebound. 0:31 of 1st period - Yanni Gourde wins face-off versus Sebastian Aho in SPOKANE KNIGHTS zone. 0:38 of 1st period - Shot by Sebastian Aho. 0:38 of 1st period - Shot Blocked by Yanni Gourde. 0:40 of 1st period - Shot by Valeri Nichushkin. 0:40 of 1st period - Shot Misses the Net. 0:52 of 1st period - Shot by Sebastian Aho. 0:52 of 1st period - Stopped by Ben Bishop with a rebound. 1:06 of 1st period - Valeri Nichushkin is hit by Rasmus Ristolainen and loses puck. 1:11 of 1st period - Shot by Bryan Rust. 1:11 of 1st period - Deflect By Valeri Nichushkin. 1:11 of 1st period - Stopped by Ben Bishop with a rebound. 1:13 of 1st period - Shot by Sebastian Aho. 1:13 of 1st period - Stopped by Ben Bishop with a rebound. 1:55 of 1st period - Paul Stastny is hit by Trevor Daley and loses puck. 2:21 of 1st period - Shot by Chandler Stephenson. 2:21 of 1st period - Shot Misses the Net. 2:57 of 1st period - Icing by Jonathan Toews. 2:58 of 1st period - Patrice Bergeron wins face-off versus Jonathan Toews in PORTLAND PIRATES zone. 3:12 of 1st period - Gabriel Landeskog is hit by Duncan Keith and loses puck. 3:23 of 1st period - Shot by Gabriel Landeskog. 3:23 of 1st period - Shot Blocked by Matthew Tkachuk. 3:38 of 1st period - Jason Dickinson is hit by Duncan Keith and loses puck. 4:55 of 1st period - Alec Martinez is hit by Cale Makar and loses puck. 5:10 of 1st period - Shot by Gabriel Landeskog. 5:10 of 1st period - Deflect By Jonathan Toews. 5:10 of 1st period - Stopped by Frederik Andersen with a rebound. 5:12 of 1st period - Shot by Thomas Chabot. 5:12 of 1st period - Goal by Thomas Chabot - PORTLAND PIRATES : 1 - SPOKANE KNIGHTS : 0. 5:13 of 1st period - Chandler Stephenson wins face-off versus Paul Stastny in neutral zone. 5:30 of 1st period - Shot by Jason Dickinson. 5:30 of 1st period - Shot Misses the Net. 6:45 of 1st period - Shot by Bryan Rust. 6:45 of 1st period - Shot Misses the Net. 6:47 of 1st period - Shot by Jared Spurgeon. 6:47 of 1st period - Goal by Jared Spurgeon - PORTLAND PIRATES : 1 - SPOKANE KNIGHTS : 1. 6:48 of 1st period - Sebastian Aho wins face-off versus Yanni Gourde in neutral zone. 7:02 of 1st period - Shot by Sebastian Aho. 7:02 of 1st period - Stopped by Ben Bishop without a rebound. 7:03 of 1st period - Paul Stastny wins face-off versus Yanni Gourde in PORTLAND PIRATES zone. 7:16 of 1st period - Shot by Yanni Gourde. 7:16 of 1st period - Goal by Yanni Gourde - PORTLAND PIRATES : 2 - SPOKANE KNIGHTS : 1. 7:17 of 1st period - Jonathan Toews wins face-off versus Sebastian Aho in neutral zone. 7:24 of 1st period - Shot by Jonathan Toews. 7:24 of 1st period - Stopped by Frederik Andersen with a rebound. 7:48 of 1st period - Shot by Sebastian Aho. 7:48 of 1st period - Stopped by Ben Bishop with a rebound. 7:50 of 1st period - Shot by Valeri Nichushkin. 7:50 of 1st period - Shot Misses the Net. 8:08 of 1st period - Off-side. 8:09 of 1st period - Patrice Bergeron wins face-off versus Yanni Gourde in neutral zone. 8:19 of 1st period - Victor Hedman is hit by Rickard Rakell and loses puck. 8:26 of 1st period - Shot by Rickard Rakell. 8:26 of 1st period - Stopped by Frederik Andersen without a rebound. 8:27 of 1st period - Justin Abdelkader wins face-off versus Chandler Stephenson in SPOKANE KNIGHTS zone. 9:42 of 1st period - Shot by Matthew Tkachuk. 9:42 of 1st period - Shot Misses the Net. 9:54 of 1st period - Shot by Patrick Kane. 9:54 of 1st period - Shot Misses the Net. 9:58 of 1st period - Shot by Patrice Bergeron. 9:58 of 1st period - Stopped by Ben Bishop with a rebound. 10:00 of 1st period - Shot by Duncan Keith. 10:00 of 1st period - Stopped by Ben Bishop without a rebound. 10:01 of 1st period - Sebastian Aho wins face-off versus Yanni Gourde in PORTLAND PIRATES zone. 10:24 of 1st period - Shot by Sebastian Aho. 10:24 of 1st period - Deflect By Bryan Rust. 10:24 of 1st period - Stopped by Ben Bishop without a rebound. 10:25 of 1st period - Jonathan Toews wins face-off versus Tyler Pitlick in PORTLAND PIRATES zone. 11:04 of 1st period - Shot by Travis Konecny. 11:04 of 1st period - Stopped by Frederik Andersen without a rebound. 11:05 of 1st period - Sebastian Aho wins face-off versus Yanni Gourde in SPOKANE KNIGHTS zone. 11:05 of 1st period - Victor Hedman is hit by Yanni Gourde and loses puck. 11:11 of 1st period - Duncan Keith is hit by Brett Pesce and loses puck. 11:24 of 1st period - Shot by Robert Thomas. 11:24 of 1st period - Shot Hit the Post. 11:31 of 1st period - Sebastian Aho is hit by Thomas Chabot and loses puck. 12:28 of 1st period - Shot by Gabriel Landeskog. 12:28 of 1st period - Shot Blocked by Cale Makar. 12:36 of 1st period - Jared Spurgeon is hit by Jonathan Toews and loses puck. 13:22 of 1st period - Jonathan Toews is hit by Roman Polak and loses puck. 13:31 of 1st period - Shot by Tyler Pitlick. 13:31 of 1st period - Stopped by Ben Bishop without a rebound. 13:32 of 1st period - Jason Dickinson wins face-off versus Paul Stastny in PORTLAND PIRATES zone. 14:06 of 1st period - Off-side. 14:07 of 1st period - Sebastian Aho wins face-off versus Rickard Rakell in neutral zone. 14:09 of 1st period - Minor Penalty to Sebastian Aho for Roughing. 14:10 of 1st period - Paul Stastny wins face-off versus Robert Thomas in SPOKANE KNIGHTS zone. 14:29 of 1st period - Robert Thomas is hit by Nick Foligno and loses puck. 14:34 of 1st period - Shot by Nick Foligno. 14:34 of 1st period - Stopped by Ben Bishop without a rebound. 14:35 of 1st period - Jonathan Toews wins face-off versus Paul Stastny in PORTLAND PIRATES zone. 15:10 of 1st period - Shot by Jonathan Toews. 15:10 of 1st period - Stopped by Frederik Andersen without a rebound. 15:11 of 1st period - Patrice Bergeron wins face-off versus Rickard Rakell in SPOKANE KNIGHTS zone. 15:39 of 1st period - Brett Connolly is hit by Nick Foligno and loses puck. 16:31 of 1st period - Shot by Matthew Tkachuk. 16:31 of 1st period - Shot Blocked by Travis Hamonic. 16:33 of 1st period - Shot by Cale Makar. 16:33 of 1st period - Stopped by Ben Bishop without a rebound. 16:34 of 1st period - Gabriel Landeskog wins face-off versus Sebastian Aho in PORTLAND PIRATES zone. 17:15 of 1st period - Shot by Jonathan Toews. 17:15 of 1st period - Stopped by Frederik Andersen without a rebound. 17:16 of 1st period - Michael Amadio wins face-off versus Paul Stastny in SPOKANE KNIGHTS zone. 17:16 of 1st period - Thomas Chabot is hit by Jared Spurgeon and loses puck. 17:27 of 1st period - Jason Dickinson is hit by Justin Abdelkader and loses puck. 18:45 of 1st period - Patrick Kane is hit by Thomas Chabot and loses puck. 19:22 of 1st period - Minor Penalty to Rasmus Ristolainen for Tripping. 19:23 of 1st period - Paul Stastny wins face-off versus Chandler Stephenson in PORTLAND PIRATES zone. 19:49 of 1st period - Paul Stastny is hit by Alec Martinez and loses puck. Goals for this period are 2 for PORTLAND PIRATES vs 1 for SPOKANE KNIGHTS. Shots for this period are 9 for PORTLAND PIRATES vs 12 for SPOKANE KNIGHTS. 2nd period 0:01 of 2nd period - Patrice Bergeron wins face-off versus Chandler Stephenson in neutral zone. 0:27 of 2nd period - Chandler Stephenson is hit by Matthew Tkachuk and loses puck. 1:09 of 2nd period - Shot by Paul Stastny. 1:09 of 2nd period - Shot Misses the Net. 1:11 of 2nd period - Shot by Nick Foligno. 1:11 of 2nd period - Shot Misses the Net. 1:13 of 2nd period - Shot by Paul Stastny. 1:13 of 2nd period - Shot Misses the Net. 1:39 of 2nd period - Travis Konecny is hit by Cale Makar and loses puck. 1:55 of 2nd period - Paul Stastny is hit by Rasmus Ristolainen and loses puck. 2:19 of 2nd period - Off-side. 2:20 of 2nd period - Patrice Bergeron wins face-off versus Michael Amadio in neutral zone. 2:38 of 2nd period - Michael Amadio is hit by Matthew Tkachuk and loses puck. 2:51 of 2nd period - Icing by Alec Martinez. 2:52 of 2nd period - Michael Amadio wins face-off versus Sebastian Aho in PORTLAND PIRATES zone. 3:03 of 2nd period - Shot by Jason Dickinson. 3:03 of 2nd period - Stopped by Frederik Andersen without a rebound. 3:04 of 2nd period - Paul Stastny wins face-off versus Yanni Gourde in SPOKANE KNIGHTS zone. 3:25 of 2nd period - Shot by Paul Stastny. 3:25 of 2nd period - Stopped by Ben Bishop without a rebound. 3:26 of 2nd period - Jonathan Toews wins face-off versus Sebastian Aho in PORTLAND PIRATES zone. 4:31 of 2nd period - Icing by Duncan Keith. 4:32 of 2nd period - Patrice Bergeron wins face-off versus Yanni Gourde in SPOKANE KNIGHTS zone. 4:59 of 2nd period - Minor Penalty to Rasmus Ristolainen for High sticking. 5:00 of 2nd period - Paul Stastny wins face-off versus Chandler Stephenson in PORTLAND PIRATES zone. 5:10 of 2nd period - Icing by Victor Hedman. 5:11 of 2nd period - Paul Stastny wins face-off versus Chandler Stephenson in SPOKANE KNIGHTS zone. 5:11 of 2nd period - Paul Stastny is hit by Yanni Gourde. 5:17 of 2nd period - Shot by Victor Hedman. 5:17 of 2nd period - Shot Blocked by Chandler Stephenson. 5:19 of 2nd period - Shot by Victor Hedman. 5:19 of 2nd period - Stopped by Ben Bishop without a rebound. 5:20 of 2nd period - Patrice Bergeron wins face-off versus Chandler Stephenson in PORTLAND PIRATES zone. 5:29 of 2nd period - Shot by Matthew Tkachuk. 5:29 of 2nd period - Shot Misses the Net. 5:45 of 2nd period - Shot by Patrick Kane. 5:45 of 2nd period - Stopped by Ben Bishop with a rebound. 5:47 of 2nd period - Shot by Patrice Bergeron. 5:47 of 2nd period - Shot Misses the Net. 5:49 of 2nd period - Shot by Duncan Keith. 5:49 of 2nd period - Stopped by Ben Bishop without a rebound. 5:50 of 2nd period - Paul Stastny wins face-off versus Yanni Gourde in PORTLAND PIRATES zone. 6:56 of 2nd period - Icing by Duncan Keith. 6:57 of 2nd period - Patrice Bergeron wins face-off versus Chandler Stephenson in SPOKANE KNIGHTS zone. 6:59 of 2nd period - Icing by Cale Makar. 7:00 of 2nd period - Jonathan Toews wins face-off versus Patrice Bergeron in SPOKANE KNIGHTS zone. 7:05 of 2nd period - Shot by Gabriel Landeskog. 7:05 of 2nd period - Stopped by Frederik Andersen with a rebound. 7:12 of 2nd period - Jared Spurgeon is hit by Travis Konecny and loses puck. 7:22 of 2nd period - Patrice Bergeron is hit by Rasmus Ristolainen and loses puck. 7:27 of 2nd period - Shot by Patrice Bergeron. 7:27 of 2nd period - Stopped by Ben Bishop without a rebound. 7:28 of 2nd period - Sebastian Aho wins face-off versus Yanni Gourde in PORTLAND PIRATES zone. 8:49 of 2nd period - Shot by Matthew Tkachuk. 8:49 of 2nd period - Stopped by Ben Bishop without a rebound. 8:50 of 2nd period - Paul Stastny wins face-off versus Chandler Stephenson in PORTLAND PIRATES zone. 9:07 of 2nd period - Shot by Brett Connolly. 9:07 of 2nd period - Shot Blocked by Nick Foligno. 9:28 of 2nd period - Jason Dickinson is hit by Roman Polak. 10:19 of 2nd period - Shot by Travis Konecny. 10:19 of 2nd period - Shot Misses the Net. 10:21 of 2nd period - Shot by Jonathan Toews. 10:21 of 2nd period - Stopped by Frederik Andersen without a rebound. 10:22 of 2nd period - Yanni Gourde wins face-off versus Bryan Rust in SPOKANE KNIGHTS zone. 11:03 of 2nd period - Icing by Brett Pesce. 11:04 of 2nd period - Patrice Bergeron wins face-off versus Yanni Gourde in PORTLAND PIRATES zone. 11:09 of 2nd period - Shot by Patrice Bergeron. 11:09 of 2nd period - Stopped by Ben Bishop with a rebound. 11:17 of 2nd period - Shot by Matthew Tkachuk. 11:17 of 2nd period - Stopped by Ben Bishop without a rebound. 11:18 of 2nd period - Jonathan Toews wins face-off versus Patrice Bergeron in PORTLAND PIRATES zone. 11:33 of 2nd period - Shot by Patrice Bergeron. 11:33 of 2nd period - Stopped by Ben Bishop without a rebound. 11:34 of 2nd period - Sebastian Aho wins face-off versus Chandler Stephenson in PORTLAND PIRATES zone. 11:39 of 2nd period - Shot by Bryan Rust. 11:39 of 2nd period - Shot Blocked by Trevor Daley. 11:50 of 2nd period - Sebastian Aho is hit by Alec Martinez and loses puck. 11:53 of 2nd period - Shot by Victor Hedman. 11:53 of 2nd period - Stopped by Ben Bishop with a rebound. 11:55 of 2nd period - Shot by Valeri Nichushkin. 11:55 of 2nd period - Stopped by Ben Bishop without a rebound. 11:56 of 2nd period - Patrick Kane wins face-off versus Gabriel Landeskog in PORTLAND PIRATES zone. 11:57 of 2nd period - Shot by Patrice Bergeron. 11:57 of 2nd period - Shot Blocked by Jonathan Toews. 12:11 of 2nd period - Shot by Jonathan Toews. 12:11 of 2nd period - Shot Misses the Net. 12:22 of 2nd period - Icing by Patrick Kane. 12:23 of 2nd period - Yanni Gourde wins face-off versus Patrice Bergeron in SPOKANE KNIGHTS zone. 12:40 of 2nd period - Shot by Patrick Kane. 12:40 of 2nd period - Shot Misses the Net. 12:42 of 2nd period - Shot by Cale Makar. 12:42 of 2nd period - Shot Misses the Net. 12:44 of 2nd period - Shot by Patrice Bergeron. 12:44 of 2nd period - Shot Misses the Net. 12:46 of 2nd period - Shot by Matthew Tkachuk. 12:46 of 2nd period - Shot Misses the Net. 12:48 of 2nd period - Shot by Matthew Tkachuk. 12:48 of 2nd period - Shot Blocked by Yanni Gourde. 12:50 of 2nd period - Shot by Patrice Bergeron. 12:50 of 2nd period - Stopped by Ben Bishop without a rebound. 12:51 of 2nd period - Jonathan Toews wins face-off versus Sebastian Aho in PORTLAND PIRATES zone. 12:55 of 2nd period - Off-side. 12:56 of 2nd period - Sebastian Aho wins face-off versus Jonathan Toews in neutral zone. 13:22 of 2nd period - Shot by Jonathan Toews. 13:22 of 2nd period - Stopped by Frederik Andersen without a rebound. 13:23 of 2nd period - Yanni Gourde wins face-off versus Patrice Bergeron in SPOKANE KNIGHTS zone. 13:23 of 2nd period - Yanni Gourde is hit by Jared Spurgeon. 14:02 of 2nd period - Off-side. 14:03 of 2nd period - Jonathan Toews wins face-off versus Sebastian Aho in neutral zone. 14:03 of 2nd period - Gabriel Landeskog is hit by Bryan Rust and loses puck. 15:01 of 2nd period - Off-side. 15:02 of 2nd period - Yanni Gourde wins face-off versus Patrice Bergeron in neutral zone. 15:02 of 2nd period - Yanni Gourde is hit by Matthew Tkachuk. 15:06 of 2nd period - Shot by Rickard Rakell. 15:06 of 2nd period - Deflect By Robert Thomas. 15:06 of 2nd period - Stopped by Frederik Andersen with a rebound. 15:19 of 2nd period - Patrice Bergeron is hit by Rickard Rakell and loses puck. 15:37 of 2nd period - Shot by Patrick Kane. 15:37 of 2nd period - Stopped by Ben Bishop without a rebound. 15:38 of 2nd period - Chandler Stephenson wins face-off versus Paul Stastny in PORTLAND PIRATES zone. 16:50 of 2nd period - Minor Penalty to Matthew Tkachuk for Cross-checking. 16:51 of 2nd period - Jonathan Toews wins face-off versus Patrice Bergeron in SPOKANE KNIGHTS zone. 16:53 of 2nd period - Travis Konecny is hit by Victor Hedman and loses puck. 17:07 of 2nd period - Icing by Travis Konecny. 17:08 of 2nd period - Paul Stastny wins face-off versus Jonathan Toews in PORTLAND PIRATES zone. 18:10 of 2nd period - Shot by Chandler Stephenson. 18:10 of 2nd period - Shot Misses the Net. 18:12 of 2nd period - Shot by Rasmus Ristolainen. 18:12 of 2nd period - Stopped by Frederik Andersen without a rebound. 18:13 of 2nd period - Paul Stastny wins face-off versus Robert Thomas in SPOKANE KNIGHTS zone. 18:28 of 2nd period - Shot by Tyler Pitlick. 18:28 of 2nd period - Stopped by Ben Bishop without a rebound. 18:29 of 2nd period - Paul Stastny wins face-off versus Robert Thomas in PORTLAND PIRATES zone. 18:44 of 2nd period - Icing by Rasmus Ristolainen. 18:45 of 2nd period - Paul Stastny wins face-off versus Robert Thomas in PORTLAND PIRATES zone. 18:52 of 2nd period - Shot by Jonathan Toews. 18:52 of 2nd period - Stopped by Frederik Andersen with a rebound. 18:59 of 2nd period - Icing by Jared Spurgeon. 19:00 of 2nd period - Jonathan Toews wins face-off versus Sebastian Aho in SPOKANE KNIGHTS zone. 19:04 of 2nd period - Icing by Cale Makar. 19:05 of 2nd period - Jonathan Toews wins face-off versus Sebastian Aho in SPOKANE KNIGHTS zone. Goals for this period are 0 for PORTLAND PIRATES vs 0 for SPOKANE KNIGHTS. Shots for this period are 7 for PORTLAND PIRATES vs 14 for SPOKANE KNIGHTS. 3rd period 0:01 of 3rd period - Patrice Bergeron wins face-off versus Yanni Gourde in neutral zone. 0:40 of 3rd period - Matthew Tkachuk is hit by Rickard Rakell and loses puck. 1:33 of 3rd period - Shot by Travis Konecny. 1:33 of 3rd period - Deflect By Gabriel Landeskog. 1:33 of 3rd period - Stopped by Frederik Andersen without a rebound. 1:34 of 3rd period - Sebastian Aho wins face-off versus Chandler Stephenson in SPOKANE KNIGHTS zone. 1:34 of 3rd period - Sebastian Aho is hit by Jason Dickinson. 1:54 of 3rd period - Shot by Bryan Rust. 1:54 of 3rd period - Stopped by Ben Bishop with a rebound. 1:56 of 3rd period - Shot by Cale Makar. 1:56 of 3rd period - Stopped by Ben Bishop without a rebound. 1:57 of 3rd period - Paul Stastny wins face-off versus Yanni Gourde in PORTLAND PIRATES zone. 2:16 of 3rd period - Shot by Paul Stastny. 2:16 of 3rd period - Stopped by Ben Bishop with a rebound. 2:53 of 3rd period - Icing by Roman Polak. 2:54 of 3rd period - Paul Stastny wins face-off versus Jonathan Toews in SPOKANE KNIGHTS zone. 2:54 of 3rd period - Paul Stastny is hit by Gabriel Landeskog. 3:26 of 3rd period - Travis Hamonic is hit by Sebastian Aho and loses puck. 4:17 of 3rd period - Alec Martinez is hit by Matthew Tkachuk and loses puck. 5:31 of 3rd period - Minor Penalty to Garnet Hathaway for Slashing. 5:32 of 3rd period - Paul Stastny wins face-off versus Gabriel Landeskog in SPOKANE KNIGHTS zone. 5:32 of 3rd period - Nick Foligno is hit by Gabriel Landeskog and loses puck. 5:48 of 3rd period - Nick Foligno is hit by Yanni Gourde. 5:56 of 3rd period - Shot by Paul Stastny. 5:56 of 3rd period - Shot Misses the Net. 6:57 of 3rd period - Shot by Gabriel Landeskog. 6:57 of 3rd period - Stopped by Frederik Andersen without a rebound. 6:58 of 3rd period - Jonathan Toews wins face-off versus Paul Stastny in SPOKANE KNIGHTS zone. 7:59 of 3rd period - Shot by Bryan Rust. 7:59 of 3rd period - Shot Misses the Net. 8:01 of 3rd period - Shot by Bryan Rust. 8:01 of 3rd period - Goal by Bryan Rust - PORTLAND PIRATES : 2 - SPOKANE KNIGHTS : 2. 8:02 of 3rd period - Patrice Bergeron wins face-off versus Rickard Rakell in neutral zone. 8:06 of 3rd period - Icing by Alec Martinez. 8:07 of 3rd period - Patrice Bergeron wins face-off versus Yanni Gourde in PORTLAND PIRATES zone. 9:27 of 3rd period - Brett Pesce is hit by Valeri Nichushkin and loses puck. 10:06 of 3rd period - Icing by Bryan Rust. 10:07 of 3rd period - Sebastian Aho wins face-off versus Chandler Stephenson in SPOKANE KNIGHTS zone. 10:07 of 3rd period - Sebastian Aho is hit by Chandler Stephenson. 10:27 of 3rd period - Shot by Paul Stastny. 10:27 of 3rd period - Stopped by Ben Bishop without a rebound. 10:28 of 3rd period - Patrice Bergeron wins face-off versus Michael Amadio in PORTLAND PIRATES zone. 10:37 of 3rd period - Shot by Michael Amadio. 10:37 of 3rd period - Shot Misses the Net. 11:05 of 3rd period - Shot by Patrick Kane. 11:05 of 3rd period - Deflect By Patrice Bergeron. 11:05 of 3rd period - Shot Misses the Net. 12:07 of 3rd period - Paul Stastny is hit by Thomas Chabot and loses puck. 13:27 of 3rd period - Patrick Kane is hit by Brett Pesce. 13:47 of 3rd period - Icing by Victor Hedman. 13:48 of 3rd period - Jonathan Toews wins face-off versus Patrice Bergeron in SPOKANE KNIGHTS zone. 13:53 of 3rd period - Shot by Travis Konecny. 13:53 of 3rd period - Shot Misses the Net. 14:59 of 3rd period - Nick Foligno is hit by Brett Connolly and loses puck. 15:20 of 3rd period - Shot by Brett Connolly. 15:20 of 3rd period - Stopped by Frederik Andersen without a rebound. 15:21 of 3rd period - Sebastian Aho wins face-off versus Michael Amadio in SPOKANE KNIGHTS zone. 15:56 of 3rd period - Shot by Bryan Rust. 15:56 of 3rd period - Shot Blocked by Rasmus Ristolainen. 17:04 of 3rd period - Icing by Travis Hamonic. 17:05 of 3rd period - Michael Amadio wins face-off versus Paul Stastny in PORTLAND PIRATES zone. 17:26 of 3rd period - Shot by Paul Stastny. 17:26 of 3rd period - Shot Misses the Net. 17:30 of 3rd period - Shot by Tyler Pitlick. 17:30 of 3rd period - Stopped by Ben Bishop without a rebound. 17:31 of 3rd period - Sebastian Aho wins face-off versus Gabriel Landeskog in PORTLAND PIRATES zone. 18:15 of 3rd period - Shot by Valeri Nichushkin. 18:15 of 3rd period - Stopped by Ben Bishop with a rebound. 18:52 of 3rd period - Shot by Robert Thomas. 18:52 of 3rd period - Stopped by Frederik Andersen without a rebound. 18:53 of 3rd period - Robert Thomas wins face-off versus Paul Stastny in SPOKANE KNIGHTS zone. 19:15 of 3rd period - Duncan Keith is hit by Trevor Daley. 19:35 of 3rd period - Icing by Duncan Keith. 19:36 of 3rd period - Jonathan Toews wins face-off versus Paul Stastny in SPOKANE KNIGHTS zone. 19:37 of 3rd period - Shot by Travis Konecny. 19:37 of 3rd period - Shot Misses the Net. 19:43 of 3rd period - Brett Pesce is hit by Justin Abdelkader and loses puck. Goals for this period are 0 for PORTLAND PIRATES vs 1 for SPOKANE KNIGHTS. Shots for this period are 4 for PORTLAND PIRATES vs 7 for SPOKANE KNIGHTS. Overtime #1 0:01 of 1st overtime period - Jonathan Toews wins face-off versus Patrick Kane in neutral zone. 0:22 of 1st overtime period - Shot by Matthew Tkachuk. 0:22 of 1st overtime period - Deflect By Patrick Kane. 0:22 of 1st overtime period - Shot Misses the Net. 1:40 of 1st overtime period - Shot by Bryan Rust. 1:40 of 1st overtime period - Stopped by Ben Bishop without a rebound. 1:41 of 1st overtime period - Chandler Stephenson wins face-off versus Paul Stastny in PORTLAND PIRATES zone. 1:41 of 1st overtime period - Chandler Stephenson is hit by Justin Abdelkader. 2:14 of 1st overtime period - Shot by Tyler Pitlick. 2:14 of 1st overtime period - Stopped by Ben Bishop without a rebound. 2:15 of 1st overtime period - Yanni Gourde wins face-off versus Sebastian Aho in PORTLAND PIRATES zone. 2:34 of 1st overtime period - Shot by Bryan Rust. 2:34 of 1st overtime period - Shot Misses the Net. 2:36 of 1st overtime period - Shot by Bryan Rust. 2:36 of 1st overtime period - Stopped by Ben Bishop without a rebound. 2:37 of 1st overtime period - Jonathan Toews wins face-off versus Patrice Bergeron in PORTLAND PIRATES zone. 2:37 of 1st overtime period - Jonathan Toews is hit by Patrice Bergeron. 2:46 of 1st overtime period - Icing by Duncan Keith. 2:47 of 1st overtime period - Jonathan Toews wins face-off versus Patrice Bergeron in SPOKANE KNIGHTS zone. 2:48 of 1st overtime period - Shot by Gabriel Landeskog. 2:48 of 1st overtime period - Stopped by Frederik Andersen without a rebound. 2:49 of 1st overtime period - Sebastian Aho wins face-off versus Yanni Gourde in SPOKANE KNIGHTS zone. 2:49 of 1st overtime period - Sebastian Aho is hit by Yanni Gourde. 3:12 of 1st overtime period - Icing by Sebastian Aho. 3:13 of 1st overtime period - Sebastian Aho wins face-off versus Jonathan Toews in SPOKANE KNIGHTS zone. 3:13 of 1st overtime period - Bryan Rust is hit by Jonathan Toews and loses puck. 5:09 of 1st overtime period - Shot by Tyler Pitlick. 5:09 of 1st overtime period - Shot Misses the Net. 5:11 of 1st overtime period - Shot by Roman Polak. 5:11 of 1st overtime period - Stopped by Ben Bishop without a rebound. 5:12 of 1st overtime period - Paul Stastny wins face-off versus Ryan Donato in PORTLAND PIRATES zone. 7:35 of 1st overtime period - Shot by Patrick Kane. 7:35 of 1st overtime period - Shot Misses the Net. 7:37 of 1st overtime period - Shot by Cale Makar. 7:37 of 1st overtime period - Shot Misses the Net. 7:39 of 1st overtime period - Shot by Matthew Tkachuk. 7:39 of 1st overtime period - Stopped by Ben Bishop with a rebound. 7:41 of 1st overtime period - Shot by Patrice Bergeron. 7:41 of 1st overtime period - Shot Misses the Net. 8:11 of 1st overtime period - Shot by Matthew Tkachuk. 8:11 of 1st overtime period - Shot Hit the Post. 8:43 of 1st overtime period - Shot by Paul Stastny. 8:43 of 1st overtime period - Stopped by Ben Bishop with a rebound. 8:45 of 1st overtime period - Shot by Tyler Pitlick. 8:45 of 1st overtime period - Shot Misses the Net. 9:37 of 1st overtime period - Shot by Patrick Kane. 9:37 of 1st overtime period - Stopped by Ben Bishop without a rebound. 9:38 of 1st overtime period - Jonathan Toews wins face-off versus Paul Stastny in PORTLAND PIRATES zone. 9:38 of 1st overtime period - Jonathan Toews is hit by Justin Abdelkader. 9:56 of 1st overtime period - Shot by Travis Konecny. 9:56 of 1st overtime period - Stopped by Frederik Andersen with a rebound. 10:22 of 1st overtime period - Shot by Patrick Kane. 10:22 of 1st overtime period - Shot Misses the Net. 10:36 of 1st overtime period - Shot by Patrice Bergeron. 10:36 of 1st overtime period - Deflect By Patrick Kane. 10:36 of 1st overtime period - Shot Misses the Net. 10:42 of 1st overtime period - Shot by Patrice Bergeron. 10:42 of 1st overtime period - Shot Misses the Net. 10:44 of 1st overtime period - Shot by Patrice Bergeron. 10:44 of 1st overtime period - Stopped by Ben Bishop without a rebound. 10:45 of 1st overtime period - Chandler Stephenson wins face-off versus Sebastian Aho in PORTLAND PIRATES zone. 10:45 of 1st overtime period - Chandler Stephenson is hit by Valeri Nichushkin. 11:25 of 1st overtime period - Shot by Sebastian Aho. 11:25 of 1st overtime period - Shot Misses the Net. 11:27 of 1st overtime period - Shot by Bryan Rust. 11:27 of 1st overtime period - Stopped by Ben Bishop with a rebound. 11:46 of 1st overtime period - Icing by Patrick Kane. 11:47 of 1st overtime period - Patrice Bergeron wins face-off versus Travis Konecny in SPOKANE KNIGHTS zone. 12:14 of 1st overtime period - Shot by Patrice Bergeron. 12:14 of 1st overtime period - Stopped by Ben Bishop without a rebound. 12:15 of 1st overtime period - Paul Stastny wins face-off versus Michael Amadio in PORTLAND PIRATES zone. 13:03 of 1st overtime period - Icing by Alec Martinez. 13:04 of 1st overtime period - Jonathan Toews wins face-off versus Bryan Rust in PORTLAND PIRATES zone. 13:08 of 1st overtime period - Off-side. 13:09 of 1st overtime period - Sebastian Aho wins face-off versus Yanni Gourde in neutral zone. 13:18 of 1st overtime period - Shot by Sebastian Aho. 13:18 of 1st overtime period - Shot Blocked by Brett Pesce. 13:41 of 1st overtime period - Sebastian Aho is hit by Thomas Chabot and loses puck. 14:30 of 1st overtime period - Shot by Matthew Tkachuk. 14:30 of 1st overtime period - Stopped by Ben Bishop with a rebound. 14:51 of 1st overtime period - Off-side. 14:52 of 1st overtime period - Paul Stastny wins face-off versus Jonathan Toews in neutral zone. 15:08 of 1st overtime period - Icing by Jonathan Toews. 15:09 of 1st overtime period - Sebastian Aho wins face-off versus Jonathan Toews in PORTLAND PIRATES zone. 15:16 of 1st overtime period - Shot by Sebastian Aho. 15:16 of 1st overtime period - Shot Misses the Net. 15:18 of 1st overtime period - Shot by Sebastian Aho. 15:18 of 1st overtime period - Stopped by Ben Bishop without a rebound. 15:19 of 1st overtime period - Paul Stastny wins face-off versus Chandler Stephenson in PORTLAND PIRATES zone. 15:28 of 1st overtime period - Shot by Paul Stastny. 15:28 of 1st overtime period - Shot Misses the Net. 15:36 of 1st overtime period - Shot by Chandler Stephenson. 15:36 of 1st overtime period - Shot Misses the Net. 15:51 of 1st overtime period - Icing by Alec Martinez. 15:52 of 1st overtime period - Chandler Stephenson wins face-off versus Sebastian Aho in PORTLAND PIRATES zone. 15:52 of 1st overtime period - Chandler Stephenson is hit by Bryan Rust. 16:52 of 1st overtime period - Shot by Jonathan Toews. 16:52 of 1st overtime perio